 Dungeon Crawl Stone Soup version 0.19-a0-27-g415f530 (webtiles) character file.

22313 epen the Covert (level 12, -1/89 HPs)
             Began as a Vampire Enchanter on May 1, 2016.
             Was an Elder of Dithmenos.
             Slain by Rupert
             ... wielding a +1 great mace of holy wrath
              (14 damage)
             ... on level 4 of the Lair of Beasts.
             The game lasted 00:44:36 (17526 turns).

epen the Covert (Vampire Enchanter)                Turns: 17526, Time: 00:44:36

Health: -1/89      AC:  7    Str: 11    XL:     12   Next: 61%
Magic:  14/22      EV: 24    Int: 17    God:    Dithmenos [****..]
Gold:   1747       SH:  4    Dex: 23    Spells: 5 memorised, 13 levels left

rFire  . . .     SeeInvis +     a - +2 dagger (venom)
rCold  + . .     Gourm    .     w - +2 robe
rNeg   + + .     Faith    .     (no shield)
rPois  +         Spirit   .     (no helmet)
rElec  .         Dismiss  .     E - +0 cloak
rCorr  .         Reflect  +     (no gloves)
SustAt .         Harm     .     t - +1 pair of boots
MR     +....                    T - amulet "Wontanuh" {Reflect Str+4 SH+4}
Stlth  ++++++++++               C - +3 ring of dexterity
                                M - ring of stealth

@: regenerating slowly, wreathed by umbra, somewhat resistant to hostile
enchantments, uncannily stealthy
A: fangs 3, see invisible, unbreathing
a: Bat Form, Shadow Step, Renounce Religion


You were on level 4 of the Lair of Beasts.
You worshipped Dithmenos.
Dithmenos was greatly pleased with you.
You were thirsty.

You visited 3 branches of the dungeon, and saw 15 of its levels.
You also visited: Ice Cave.

You collected 1747 gold pieces.

Inventory:

Hand Weapons
 a - a +2 dagger of venom (weapon)
Missiles
 n - 4 throwing nets (quivered)
Armour
 t - a +1 pair of boots (worn)
 w - a +2 robe (worn)
 E - a +0 cloak (worn)
Jewellery
 k - an uncursed ring of protection from magic
 r - an uncursed ring of stealth
 y - an uncursed ring of poison resistance
 C - a +3 ring of dexterity (right hand)
 M - a ring of stealth (left hand)
 T - the amulet "Wontanuh" (around neck) {Reflect Str+4 SH+4}
   (You found it in an ice cave)

   [amulet of reflection]

   It shields you and reflects attacks.
   It affects your strength (+4).
   It affects your SH (+4).
Wands
 g - a wand of acid (5/15)
 q - a wand of digging (6/24)
 s - a wand of heal wounds (9/9)
 J - a wand of digging (4/24)
 O - a wand of paralysis (8/24)
Scrolls
 b - a scroll of identify
 f - 2 scrolls of noise
 i - 3 scrolls of magic mapping
 j - 6 scrolls of remove curse
 m - 3 scrolls of enchant armour
 u - 2 scrolls of enchant weapon
 H - 2 scrolls of teleportation
 K - a scroll of recharging
Potions
 d - 23 potions of blood
 e - 4 potions of heal wounds
 h - 2 potions of agility
 l - 5 potions of flight
 o - 4 potions of cure mutation
 p - a potion of haste
 v - 2 potions of lignification {unknown}
 z - a potion of resistance {unknown}
 A - 4 potions of curing
 B - a potion of berserk rage {unknown}
 D - 2 potions of mutation {unknown}
 F - 2 potions of ambrosia
 G - 4 potions of might {unknown}
 I - a potion of magic {unknown}
 N - 2 potions of invisibility {unknown}
 P - a potion of brilliance {unknown}
Books
 c - a book of Maledictions

   Spells                             Type                      Level
   a - Corona                         Hexes                        1
   b - Ensorcelled Hibernation        Hexes/Ice                    2
   c - Confuse                        Hexes                        3
   d - Tukima's Dance                 Hexes                        3
   e - Dazzling Spray                 Conjuration/Hexes            3
Miscellaneous
 Q - a box of beasts {used: 1}
 R - a crystal ball of energy


   Skills:
 + Level 6.7 Fighting
 * Level 11.6 Short Blades
 * Level 11.5 Dodging
 + Level 12.4 Stealth
 + Level 7.1 Spellcasting
 + Level 11.2 Hexes
 * Level 2.9 Invocations


You had 13 spell levels left.
You knew the following spells:

 Your Spells              Type           Power        Failure   Level  Hunger
a - Corona                Hex            #####..      1%          1    None
b - Ensorcelled Hibernat  Hex/Ice        ####..       1%          2    None
c - Confuse               Hex            #####...     1%          3    ##.....
d - Tukima's Dance        Hex            #####...     1%          3    ##.....
e - Dazzling Spray        Conj/Hex       ####..       4%          3    ##.....


Dungeon Overview and Level Annotations

Branches:
Dungeon (10/15)            Temple (1/1) D:6            Lair (4/8) D:8
 Shoals (0/4) Lair:3          Orc (0/2) D:9
  Snake: Lair:3-6    Spider: Lair:3-6

Altars:
Ashenzari
Cheibriados
Dithmenos
Elyvilon
Fedhas
Gozag
Kikubaaqudgha
Makhleb
Nemelex Xobeh
Okawaru
Pakellas
Qazlal
Ru
Sif Muna
Trog
Vehumet
Xom
Yredelemnul
Zin
The Shining One

Annotations:
D:1 1 runed door
Lair:4 Rupert


Innate Abilities, Weirdness & Mutations

You heal slowly.
You have razor-sharp teeth.
You have supernaturally acute eyesight.
You can survive without breathing.


Message History

Okay, then.
Casting: Tukima's Dance
Confirm with . or Enter, or press ? or * to list all spells.
Aiming: Ensorcelled Hibernation
Press: ? - help, Shift-Dir - straight line, f/p - Rupert
Aim: Rupert, wielding a great mace of holy wrath and wearing a leather armour (slow, umbra, chance to defeat MR: 3%)
Okay, then.
Rupert roars wildly at you.
You suddenly lose the ability to move!
Rupert hits you with a great mace of holy wrath!
You convulse!
* * * LOW HITPOINT WARNING * * *
You can move again.
You hit Rupert but do no damage.
Rupert is poisoned.
You hit Rupert.
Rupert looks even sicker.
You bite Rupert, but do no damage.
Rupert is lightly wounded.
Rupert hits you with a great mace of holy wrath!
* * * LOW HITPOINT WARNING * * *
You convulse!
You die...

...#.........##.####
..#...###P........P####
.....## ###.##........#
#....## #####.P..#.##
......## ###P..<..##
..#P.#.# #.#.......#
#.....### #.........#
........# #...@....##
........## ##...@....##
.........# #..........#
.......### ##........##
........## ##........#
.>...#...## #.........#
....##....#####......##
#... ###....#.P.....##
#### ##.....รท......P#
.## #.......########


You could see Rupert.

Vanquished Creatures
  2 ice dragons (IceCv)
  2 hydras
  Erica (D:9)
  The ghost of Gruesome the Transmogrifier, a journeyman OpTm of Cheibriados (D:9)
  Pikel (D:9)
  A hill giant (D:10)
  Joseph (D:9)
  3 spiny frogs
  4 rime drakes
  4 komodo dragons
  A troll (D:10)
  Grinder (D:3)
  4 blink frogs
  Prince Ribbit (D:6)
  21 yaks
  Sigmund (D:5)
  Eustachio (D:6)
  11 hippogriffs
  Menkaure (D:5)
  2 hungry ghosts
  A mottled dragon (Lair:3)
  Edmund (D:5)
  3 wargs (D:8)
  3 porcupines
  2 hell hounds (Lair:3)
  3 water moccasins
  17 ice beasts
  A black bear (Lair:2)
  2 eyes of draining (D:10)
  2 orc warriors
  6 wolves (Lair:3)
  4 centaurs
  3 ogres
  4 crocodiles
  Blork the orc (D:5)
  6 giant frogs
  A water moccasin skeleton (D:9)
  4 scorpions
  5 killer bees
  2 howler monkeys (D:6)
  An electric eel (Lair:3)
  3 crimson imps
  A centaur skeleton (D:10)
  7 hounds
  2 jellies
  7 orc priests
  9 orc wizards
  Crazy Yiuf (D:6)
  Jessica (D:3)
  6 iguanas
  Natasha (thrice) (D:3)
  3 hell rats (Lair:3)
  4 worker ants
  A killer bee zombie (D:9)
  5 sheep (Lair:4)
  3 hound skeletons
  A howler monkey zombie (D:8)
  3 gnolls (D:3)
  13 adders
  40 river rats
  2 shadow imps (D:5)
  2 adder skeletons
  2 dart slugs
  2 giant geckos
  48 orcs
  2 bats (D:3)
  3 giant cockroaches
  2 gnoll zombies (D:6)
  10 goblins
  4 hobgoblins
  10 jackals
  4 kobolds
  A ball python (D:4)
  A giant gecko skeleton (D:4)
  A giant gecko zombie (D:7)
  3 giant newts
  A jackal skeleton (D:8)
  A quokka skeleton (D:7)
  22 rats
  A fungus (D:6)
371 creatures vanquished.

Vanquished Creatures (collateral kills)
  2 killer bees (D:9)
2 creatures vanquished.

Vanquished Creatures (others)
  An ooze (D:6)
  An orc (D:3)
2 creatures vanquished.

Grand Total: 375 creatures vanquished

Notes
Turn   | Place    | Note
--------------------------------------------------------------
     0 | D:1      | epen the Vampire Enchanter began the quest for the Orb.
     0 | D:1      | Reached XP level 1. HP: 13/13 MP: 3/3
     1 | D:1      | Found a runed door.
   560 | D:1      | Reached XP level 2. HP: 19/19 MP: 5/5
   824 | D:1      | Learned a level 2 spell: Ensorcelled Hibernation
   913 | D:2      | Reached XP level 3. HP: 25/25 MP: 6/6
   961 | D:2      | Learned a level 3 spell: Confuse
  1488 | D:3      | Reached XP level 4. HP: 30/31 MP: 1/7
  1569 | D:3      | Noticed Natasha
  1587 | D:3      | Killed Natasha
  1587 | D:3      | Reached skill level 1 in Fighting
  1636 | D:3      | Noticed Grinder
  1679 | D:3      | Noticed Natasha
  1701 | D:3      | Killed Natasha
  1714 | D:3      | Reached skill level 5 in Stealth
  1789 | D:3      | Noticed Natasha
  1799 | D:3      | Killed Natasha
  1799 | D:3      | Reached XP level 5. HP: 33/37 MP: 1/8
  2289 | D:3      | Reached skill level 5 in Hexes
  2881 | D:3      | Learned a level 3 spell: Tukima's Dance
  2891 | D:3      | Paralysed by Grinder for 2 turns
  3267 | D:3      | Killed Grinder
  3267 | D:3      | Reached XP level 6. HP: 22/44 MP: 4/10
  3837 | D:3      | Found a bloodstained altar of Trog.
  3838 | D:3      | Noticed Jessica
  3846 | D:3      | Killed Jessica
  4188 | D:4      | Reached skill level 6 in Stealth
  4352 | D:4      | Reached XP level 7. HP: 49/49 MP: 11/11
  4359 | D:4      | Learned a level 3 spell: Dazzling Spray
  4657 | D:5      | Entered Level 5 of the Dungeon
  4673 | D:5      | Noticed Edmund
  4681 | D:5      | Killed Edmund
  4722 | D:5      | Noticed Menkaure
  4732 | D:5      | Noticed Sigmund
  4745 | D:5      | Killed Menkaure
  4753 | D:5      | Killed Sigmund
  4753 | D:5      | Reached skill level 5 in Short Blades
  4753 | D:5      | Reached skill level 5 in Dodging
  4753 | D:5      | Reached skill level 7 in Stealth
  4901 | D:5      | Noticed Blork the orc
  4906 | D:5      | Killed Blork the orc
  4906 | D:5      | Reached XP level 8. HP: 53/57 MP: 13/13
  5281 | D:6      | Noticed Eustachio
  5384 | D:6      | Killed Eustachio
  5429 | D:6      | Found a glowing silver altar of Zin.
  5433 | D:6      | Found a sparkling altar of Nemelex Xobeh.
  5434 | D:6      | Found a snail-covered altar of Cheibriados.
  5436 | D:6      | Found a glowing golden altar of the Shining One.
  5436 | D:6      | Found an oddly glowing altar of Pakellas.
  5436 | D:6      | Found a blossoming altar of Fedhas.
  5436 | D:6      | Found a shimmering altar of Xom.
  5437 | D:6      | Found an ancient bone altar of Kikubaaqudgha.
  5447 | D:6      | Found an opulent altar of Gozag.
  5476 | D:6      | Noticed Prince Ribbit
  5485 | D:6      | Killed Prince Ribbit
  5573 | D:6      | Reached skill level 8 in Stealth
  5586 | D:6      | Found a deep blue altar of Sif Muna.
  5735 | D:6      | Found a stormy altar of Qazlal.
  5853 | D:6      | Found a basalt altar of Yredelemnul.
  5911 | D:6      | Found a staircase to the Ecumenical Temple.
  5920 | Temple   | Entered the Ecumenical Temple
  6193 | D:6      | Noticed Crazy Yiuf
  6199 | D:6      | Killed Crazy Yiuf
  6765 | D:7      | Reached XP level 9. HP: 49/64 MP: 10/15
  7305 | D:7      | Found a shadowy altar of Dithmenos.
  7311 | D:7      | Found an iron altar of Okawaru.
  7318 | D:7      | Became a worshipper of Dithmenos the Shadowed
  7510 | D:7      | Found a white marble altar of Elyvilon.
  7765 | D:8      | Found a staircase to the Lair.
  8388 | D:8      | Reached skill level 9 in Stealth
  8886 | D:9      | Noticed Gruesome's ghost (journeyman OpTm)
  9419 | D:9      | Noticed Joseph
  9530 | D:9      | HP: 2/65 [Joseph/sling bullet (17)]
 10291 | D:9      | Noticed Erica
 10293 | D:9      | Reached skill level 5 in Spellcasting
 10299 | D:9      | Killed Erica
 10299 | D:9      | Reached XP level 10. HP: 51/73 MP: 9/17
 10327 | D:9      | Noticed Pikel
 10343 | D:9      | Killed Pikel
 10531 | D:9      | Killed Joseph
 10531 | D:9      | Reached * piety under Dithmenos
 10665 | D:9      | Reached skill level 10 in Stealth
 10677 | D:9      | Killed Gruesome's ghost
 10680 | D:9      | Found a staircase to the Orcish Mines.
 10779 | D:9      | Reached skill level 5 in Fighting
 11007 | D:10     | Entered Level 10 of the Dungeon
 11012 | D:10     | Noticed a hill giant
 11016 | D:10     | Killed a hill giant
 11017 | D:10     | Noticed a seven-headed hydra
 11033 | D:10     | Killed a seven-headed hydra
 11556 | D:10     | Reached XP level 11. HP: 80/80 MP: 13/19
 11820 | D:10     | Reached ** piety under Dithmenos
 12541 | D:10     | Reached skill level 10 in Hexes
 12823 | Lair:1   | Entered Level 1 of the Lair of Beasts
 13063 | Lair:1   | Reached skill level 11 in Stealth
 13070 | Lair:1   | Reached skill level 10 in Short Blades
 13125 | Lair:1   | Reached skill level 10 in Dodging
 14473 | Lair:2   | Reached *** piety under Dithmenos
 15181 | Lair:3   | Noticed an eight-headed hydra
 15225 | Lair:3   | Killed an eight-headed hydra
 15258 | Lair:3   | Found a dark tunnel.
 15311 | Lair:3   | Found a staircase to the Shoals.
 15335 | Lair:3   | Reached XP level 12. HP: 88/88 MP: 22/22
 15353 | Lair:3   | Found a frozen archway.
 15362 | IceCv    | Entered an ice cave
 15912 | IceCv    | Noticed an ice dragon
 15912 | IceCv    | Noticed an ice dragon
 15930 | IceCv    | Killed an ice dragon
 15930 | IceCv    | Reached skill level 12 in Stealth
 15930 | IceCv    | Reached skill level 1 in Invocations
 15942 | IceCv    | Killed an ice dragon
 15998 | IceCv    | Got a scintillating platinum ring
 16011 | IceCv    | Got a serpentine tin amulet
 16014 | IceCv    | Identified the amulet "Wontanuh" {Reflect Str+4 SH+4} (You found it in an ice cave)
 16016 | IceCv    | Identified the ring of Vanity {Fire rN+ Str+3 Int+2 Slay-4} (You found it in an ice cave)
 16239 | Lair:3   | Reached **** piety under Dithmenos
 17125 | Lair:4   | Noticed Rupert
 17487 | Lair:4   | Paralysed by Rupert for 5 turns
 17520 | Lair:4   | Paralysed by Rupert for 5 turns
 17526 | Lair:4   | Slain by Rupert

Vault maps used:
D:1:      dpeg_arrival_caged_fury
D:2:      first_bread
D:3:      trog_book, uniq_grinder, uniq_jessica, uniq_natasha
D:5:      uniq_blork_the_orc, uniq_edmund, uniq_menkaure, uniq_sigmund
D:6:      kennysheep_mini_moat, grunt_temple_overflow_open,
          lemuel_zombie_altar_yredelemnul, kennysheep_little_box,
          lemuel_temple_firewalk, led_sif_pool, uniq_eustachio,
          uniq_prince_ribbit1, uniq_crazy_yiuf_cottage
D:7:      elyvilon_altar_1, gammafunk_temple_overflow_wave
D:8:      erik_lair_orcish_takeover
D:9:      orc_0_dummy, grunt_ogre_cave, uniq_joseph, uniq_erica, uniq_pikel
Temple:   circular_temple_6
Lair:1:   infiniplex_staircase_pool_2
Lair:3:   kennysheep_abandoned_house, elwin_shoals_entry_rocks, enter_volcano_3,
          portal_ice_cave_entry_pillars_03, bobbens_dragon_lair_wall,
          serial_bayou_shore_b
Lair:4:   grunt_megastairs_5, infiniplex_staircase_pool, serial_bayou_shore_b,
          uniq_rupert
IceCv:    ice_cave_small_dragons

Skill      XL: |  1  2  3  4  5  6  7  8  9 10 11 12 |
---------------+-------------------------------------+-----
Short Blades   | 2 3 4 5 6 8 9 10 11 | 11.6
Fighting       | 1 2 3 4 5 6 |  6.7
Dodging        | 3 4 5 6 8 9 10 11 | 11.5
Stealth        | 5 6 7 8 9 10 11 12 | 12.4
Hexes          | 5 6 7 8 9 10 11 | 11.2
Spellcasting   | 3 4 5 6 7 |  7.1
Invocations    | 2 |  2.9

Action                   |  1- 3 |  4- 6 |  7- 9 | 10-12 || total
-------------------------+-------+-------+-------+-------++-------
Melee: Dagger            |    81 |   188 |   360 |   859 ||  1488
       Bite              |     2 |    18 |    50 |   129 ||   199
 Cast: Confuse           |     4 |     8 |    18 |    50 ||    80
       Ensorcelled Hiber |       |    23 |    58 |    99 ||   180
       Dazzling Spray    |       |       |     7 |     9 ||    16
       Corona            |       |       |     1 |     4 ||     5
       Tukima's Dance    |       |       |     1 |     4 ||     5
 Abil: End Transformatio |       |     1 |       |     2 ||     3
       Bat Form          |       |     1 |       |     2 ||     3
Evoke: Box of beasts     |       |       |       |     1 ||     1
       Wand              |       |       |       |     1 ||     1
  Use: Potion            |       |     1 |     2 |     1 ||     4
       Scroll            |       |       |    10 |    10 ||    20
 Stab: Sleeping          |    13 |    24 |    45 |   115 ||   197
       Confused          |     2 |     3 |     7 |    30 ||    42
       Distracted        |       |     1 |     1 |     2 ||     4
       Invisible         |       |       |     1 |     2 ||     3
Armor: Robe              |     8 |    30 |    45 |    43 ||   126
Dodge: Dodged            |    37 |   122 |   207 |   537 ||   903
Block: Other             |       |       |       |    35 ||    35
